 Dungeon Crawl Stone Soup version 0.29-a0-330-g52719c12eb (webtiles) character file.

Game seed: 12550590738230341606

70 kae the Firebug (level 4, -1/28 HPs)
             Began as an Octopode Fire Elementalist on Apr 18, 2022.
             Slain by a frilled lizard (3 damage)
             ... on level 2 of the Dungeon.
             The game lasted 00:00:45 (1706 turns).

kae the Firebug (Octopode Fire Elementalist)        Turns: 1706, Time: 00:00:45

Health: -1/28      AC:  1    Str:  7    XL:     4   Next: 22%
Magic:  7/7        EV: 13    Int: 19    God:
Gold:   10         SH:  0    Dex: 12    Spells: 6/7 levels left

rFire   . . .      SeeInvis .   k - +0 mace
rCold   . . .      Faith    .   (no shield)
rNeg    . . .      Spirit   .   (helmet restricted)
rPois   .          Reflect  .   (no amulet)
rElec   .          Harm     .   (no ring)
rCorr   .          Rampage  .   (no ring)
Will    .....                   (no ring)
Stlth   +++.......              (no ring)
HPRegen 0.09/turn               (no ring)
MPRegen 0.10/turn               (no ring)
                                (no ring)
                                (no ring)

@: mighty
A: almost no armour, amphibious, 8 rings, camouflage 1, gelatinous body 1,
(nimble swimmer 1), tentacles
a: no special abilities


You were on level 2 of the Dungeon.
You visited 1 branch of the dungeon, and saw 2 of its levels.

You collected 10 gold pieces.

Inventory:

Hand Weapons
 k - a +0 mace (weapon)
Scrolls
 b - 2 scrolls of identify {unknown}
 d - a scroll of magic mapping {unknown}
 e - 2 scrolls of vulnerability {unknown}
 g - a scroll of noise {unknown}
 j - a scroll of enchant weapon {unknown}
Potions
 a - a potion of magic
 f - a potion of flight {unknown}
 h - a potion of degeneration {unknown}
 i - 2 potions of heal wounds {unknown}


   Skills:
 + Level 1.0 Fighting
 + Level 2.4 Dodging
 + Level 3.4 Stealth
 + Level 2.3 Spellcasting
 + Level 1.5 Conjurations
 * Level 3.7 Fire Magic


You had 6 spell levels left.
You knew the following spells:

 Your Spells              Type           Power      Damage    Failure   Level
a - Foxfire               Conj/Fire      48%        2x1d6     5%          1

Your spell library contained the following spells:

 Spells                   Type           Power      Damage    Failure   Level
 Scorch                   Fire           32%        2d7       5%          2
 Conjure Flame            Conj/Fire      12%        6-21      17%         3
 Inner Flame              Hex/Fire       9%         N/A       22%         3
 Flame Wave               Conj/Fire      12%        2d6       50%         4


Dungeon Overview and Level Annotations

Branches:
Dungeon (2/15)

Altars:


Innate Abilities, Weirdness & Mutations

You cannot wear most types of armour.
You are amphibious.
You can wear up to eight rings at the same time.
Your skin changes colour to match your surroundings (Stealth+).
Your rubbery body absorbs attacks. (AC +1, EV +1)
((You are camouflaged when in or above water. (Stealth+)))
You have tentacles for arms and can constrict up to eight enemies at once.


Message History

No target in view!
A kobold comes into view. It is wielding a +0 short sword.
A kobold is nearby!
A kobold is nearby!
A kobold comes into view. It is wielding a +0 club.
A frilled lizard comes into view.
Natasha and a frilled lizard come into view.
Natasha hisses angrily.
The kobold shouts!
You hear a shout!
The frilled lizard hisses angrily. x2
The kobold barely misses you.
You barely miss Natasha. Your grab misses Natasha. You squeeze Natasha!
Natasha is heavily wounded.
Natasha claws you. The kobold hits you with a +0 club.
You closely miss Natasha. You grab Natasha.
You squeeze Natasha, but do no damage.
Natasha is heavily wounded.
You constrict Natasha, but do no damage.
Natasha claws you. The kobold misses you. Natasha barely misses you.
You hit Natasha.
Natasha is severely wounded.
You constrict Natasha. The kobold hits you with a +0 club.
* * * LOW HITPOINT WARNING * * *
Natasha closely misses you. The kobold completely misses you.
The kobold misses you.
You hit Natasha. You squeeze Natasha.
You kill Natasha!
Natasha screams in fury as she dies!
The kobold hits you with a +0 club.
* * * LOW HITPOINT WARNING * * *
The kobold closely misses you. The frilled lizard bites you.
* * * LOW HITPOINT WARNING * * *
Your Fighting skill increases to level 1!
You have reached level 4!
It was a potion of might.
You feel very mighty all of a sudden. The kobold hits you with a +0 club.
* * * LOW HITPOINT WARNING * * *
The kobold barely misses you. The frilled lizard closely misses you.
The frilled lizard bites you.
You die...

#.#######.#
###....##.#
......##.#
#....##.#
#....##.#
#....##.#
#....##.###
#..llK....#
#...@#.##.#
#..K†#.#
...
#....#.#
###
#....#K.
####....
#.#### #.#
#.#


You could see 2 kobolds and 2 frilled lizards.

Vanquished Creatures
  Natasha (D:2)
  A gnoll (D:1)
  3 dart slugs (D:1)
  5 endoplasms
  2 giant cockroaches (D:1)
  2 goblins (D:2)
  4 hobgoblins
  2 kobolds (D:1)
  A quokka (D:1)
  5 ball pythons
  A frilled lizard (D:1)
27 creatures vanquished.

Vanquished Creatures (others)
  72 foxfires
72 creatures vanquished.

Grand Total: 99 creatures vanquished

Notes
Turn   | Place    | Note
-------+----------+-------------------------------------------
     0 | D:1      | kae the Octopode Fire Elementalist began the quest for the
                  | Orb.
     0 | D:1      | Reached XP level 1. HP: 11/11 MP: 3/3
   290 | D:1      | Reached XP level 2. HP: 17/17 MP: 0/5
   909 | D:1      | Reached XP level 3. HP: 22/22 MP: 3/6
  1700 | D:2      | Noticed Natasha
  1705 | D:2      | Killed Natasha
  1706 | D:2      | Reached skill level 1 in Fighting
  1706 | D:2      | Reached XP level 4. HP: 4/28 MP: 7/7
  1706 | D:2      | Slain by a frilled lizard

Illustrated notes

Levels and vault maps discovered:
D:1:      dpeg_arrival_rhombi, layout_loops_ring
D:2:      layout_basic, minmay_liquid_box, minivault_19, item_on_display_a,
          uniq_sigmund, uniq_natasha

Skill      XL: |  1  2  3 |
---------------+----------+-----
Stealth        | 3 |  3.4
Fighting       | 1 |  1.0
Dodging        | |  2.4
Spellcasting   | |  2.3
Conjurations   | |  1.5
Fire Magic     | |  3.7

Action                   |  1- 3 |  4- 6 || total
-------------------------+-------+-------++-------
Melee: Unarmed           |    21 |       ||    21
       Tentacles         |    13 |       ||    13
       Constrict         |     6 |       ||     6
       Mace              |     9 |       ||     9
 Cast: Foxfire           |    48 |       ||    48
  Use: Potion            |       |     1 ||     1
 Stab: Sleeping          |     2 |       ||     2
Armor: Skin              |     4 |       ||     4
Dodge: Dodged            |    24 |     2 ||    26

Table legend: (Time is in decaauts)
 A = Elapsed time spent in this place.
 B = Non-inter-level travel time spent in this place.
 C = Inter-level travel time spent in this place.
 D = Time resting spent in this place.
 E = Time spent auto-exploring this place.
 F = Levels seen in this place.
 G = Mean time per level.
                   A        B        C        D        E       F      G
               +--------+--------+--------+--------+--------+-----+--------+
         Total |   1708 |   1653 |     55 |    116 |   1300 |   2 |  854.0 |
       Dungeon |   1708 |   1653 |     55 |    116 |   1300 |   2 |  854.0 |
               +--------+--------+--------+--------+--------+-----+--------+

Top non-repeatable levels by time:
     D:1: 1328 daAuts
     D:2: 380 daAuts
